 Dungeon Crawl Stone Soup version 0.16-a0-3149-g1169300 (webtiles) character file.

21 Gorice the Grave Robber (level 2, 0/19 HPs)
             Began as a Demonspawn Wanderer on Dec 14, 2014.
             Slain by an adder (1 damage)
             ... on level 2 of the Dungeon.
             The game lasted 00:05:40 (948 turns).

Gorice the Grave Robber (Demonspawn Wanderer)        Turns: 948, Time: 00:05:40

Health: 0/19       AC:  8    Str: 14    XL:     2   Next: 65%
Magic:  3/3        EV:  9    Int: 11    God:
Gold:   86         SH:  0    Dex: 12    Spells: 0 memorised, 3 levels left

rFire  . . .     SeeInvis .     a - +0 club
rCold  . . .     Clarity  +     d - +2 scale mail
rNeg   . . .     SustAb   +     (no shield)
rPois  .         Gourm    .     (no helmet)
rElec  .         Spirit   .     (no cloak)
rCorr  .         Warding  .     (no gloves)
rMut   .         Stasis   .     (no boots)
MR     .....                    o - amulet of clarity
Stlth  ..........               (no ring)
                                n - ring of sustain abilities

@: lethally poisoned, not resistant to hostile enchantments, extremely
unstealthy
A: powered by pain 1
a: no special abilities


You were on level 2 of the Dungeon.
You were not hungry.

You visited 1 branch of the dungeon, and saw 2 of its levels.

You collected 86 gold pieces.

Inventory:

Hand weapons
 a - a +0 club (weapon)
 i - a +0 dagger
 j - a +0 dagger of flaming
 m - a cursed -3 whip
Missiles
 s - 6 poisoned needles
 Z - 42 stones (quivered)
Armour
 d - a +2 scale mail (worn)
Jewellery
 n - a ring of sustain abilities (left hand)
 o - an amulet of clarity (around neck)
Scrolls
 e - a scroll of enchant weapon {unknown}
 g - a scroll of fear {unknown}
 h - 2 scrolls of identify {unknown}
 k - a scroll of amnesia {unknown}
 q - a scroll of teleportation {unknown}
Potions
 r - a potion of curing {unknown}
Books
 b - the Papyrus of Aerial Confrontation

   Spells                             Type                      Level
   a - Shock                          Conjuration/Air              1
   b - Static Discharge               Conjuration/Air              3
 c - Toereetu's Reference Book on Unholy Rituals

   Spells                             Type                      Level
   a - Corpse Rot                     Necromancy                   2
   b - Sublimation of Blood           Necromancy                   2
Comestibles
 f - a bread ration
 l - a chunk of flesh


   Skills:
 * Level 1.5 Maces & Flails
 + Level 3.1 Armour
 - Level 1.0 Stealth
   Level 1.0 Shields
 - Level 1.0 Spellcasting
   Level 1.0 Summonings
   Level 3.2 Necromancy


You had 3 spell levels left.
You didn't know any spells.

Dungeon Overview and Level Annotations

Branches:
Dungeon (2/15)

Altars:
Ashenzari


Innate Abilities, Weirdness & Mutations

You sometimes gain a little power by taking damage.


Message History

You are too injured to fight recklessly!
You are too injured to fight recklessly!
You are too injured to fight recklessly!
You are too injured to fight recklessly!
You are too injured to fight recklessly!
You are too injured to fight recklessly!
You are too injured to fight recklessly!
You are too injured to fight recklessly!
You are too injured to fight recklessly!
You are too injured to fight recklessly!
You hit the adder.
The adder is severely wounded.
* * * LOW HITPOINT WARNING * * *
You feel sick. The adder bites you.
* * * LOW HITPOINT WARNING * * *
You closely miss the adder.
The adder is severely wounded.
* * * LOW HITPOINT WARNING * * *
You feel sick. The adder bites you.
You die...

#. ###.###
#.##########.._..#
####..........<.#.#.....
..................##....
..................# ....
...................# ...
......$............# ..
..........##....####
....>...@..+....+
........S.##....#
................
.........#######
.........# ........#
.......# ......# ##.


You could see an adder.

Vanquished Creatures
  3 giant geckos (D:1)
  2 giant cockroaches (D:1)
  2 goblins (D:1)
  A hobgoblin (D:1)
  A bat (D:1)
  2 giant newts
  6 kobolds (D:1)
  2 rats (D:1)
19 creatures vanquished.

Notes
Turn   | Place    | Note
--------------------------------------------------------------
     0 | D:1      | Gorice, the Demonspawn Wanderer, began the quest for the Orb.
     0 | D:1      | Gorice set off with: a +2 scale mail, the Papyrus of Aerial Confrontation, Toereetu's Reference Book on Unholy Rituals, a +0 club, a bread ration
     0 | D:1      | Reached XP level 1. HP: 13/13 MP: 2/2
     0 | D:1      | Identified the Papyrus of Aerial Confrontation
     0 | D:1      | Identified Toereetu's Reference Book on Unholy Rituals
   252 | D:1      | Reached skill level 1 in Maces & Flails
   258 | D:1      | Gained mutation: You sometimes gain a little power by taking damage. [demonic ancestry]
   258 | D:1      | Reached XP level 2. HP: 11/19 MP: 3/3
   889 | D:2      | Found a shattered altar of Ashenzari.
   948 | D:2      | Slain by an adder

Action                   || total
-------------------------++-------
Melee: Club              ||   131
Throw: Stone             ||     5
  Use: Potion            ||     1
